 Dungeon Crawl Stone Soup version 0.19-a0-386-gde47aeb (webtiles) character file.

741 Delvonshi the Vexing (level 7, -10/52 HPs)
             Began as a Demonspawn Arcane Marksman on May 30, 2016.
             Was a Follower of Kikubaaqudgha.
             Mangled by a gnoll
             ... wielding a +0 morningstar
              (14 damage)
             ... on level 5 of the Dungeon.
             The game lasted 00:27:44 (8322 turns).

Delvonshi the Vexing (Demonspawn Arcane Marksman)   Turns: 8322, Time: 00:27:45

Health: -10/52     AC:  4    Str: 11    XL:     7   Next: 47%
Magic:  12/12      EV: 12    Int: 19    God:    Kikubaaqudgha [*.....]
Gold:   194        SH:  0    Dex: 15    Spells: 2 memorised, 10 levels left

rFire  . . .     SeeInvis .     D - +11 battleaxe "Izathroa" {freeze, +Fly rN+}
rCold  + + .     Gourm    .     r - +1 leather armour {rC+}
rNeg   + . .     Faith    .     (shield currently unavailable)
rPois  .         Spirit   .     (no helmet)
rElec  .         Dismiss  .     (no cloak)
rCorr  .         Reflect  .     (no gloves)
SustAt .         Harm     .     (no boots)
MR     .....                    g - amulet of inaccuracy (curse)
Stlth  +.........               u - +3 ring of intelligence
                                H - +2 ring of dexterity

@: lethally poisoned (-10 -> -17), not resistant to hostile enchantments, very
unstealthy
A: claws 1, talons 1, cold resistance 1
a: Receive Corpses, Renounce Religion, Evoke Flight


You were on level 5 of the Dungeon.
You worshipped Kikubaaqudgha.
Kikubaaqudgha was aware of your devotion.
You were hungry.

You visited 1 branch of the dungeon, and saw 5 of its levels.

You collected 230 gold pieces.
You spent 36 gold pieces at shops.

Inventory:

Hand Weapons
 a - a +0 shortbow
 y - a +3 spear
 D - the +11 battleaxe "Izathroa" (weapon) {freeze, +Fly rN+}
   (You found it on level 5 of the Dungeon)

   It has been specially enchanted to freeze those struck by it, causing extra
   injury to most foes and up to half again as much damage against particularly
   susceptible opponents.
   It can also slow down cold-blooded creatures.
   It protects you from negative energy.
   It lets you fly.
Missiles
 d - 30 arrows
 q - 2 throwing nets (quivered)
Armour
 e - a +0 robe
 r - a +1 leather armour of cold resistance (worn)
Jewellery
 b - an uncursed ring of ice
 g - a cursed amulet of inaccuracy (around neck)
 k - an uncursed amulet of magic regeneration
 u - a +3 ring of intelligence (right claw)
 E - an uncursed amulet of the gourmand {unknown}
 H - a +2 ring of dexterity (left claw)
Wands
 w - a wand of random effects (7/48)
 F - a wand of acid (10/15)
Scrolls
 h - a scroll of immolation {unknown}
 i - 3 scrolls of blinking {unknown}
 j - a scroll of enchant armour {unknown}
 l - 3 scrolls of teleportation
 m - 2 scrolls of random uselessness {unknown}
 n - a scroll of noise {unknown}
 o - 2 scrolls of recharging {unknown}
 p - 2 scrolls of identify {unknown}
 s - a scroll of amnesia {unknown}
 x - a scroll of fear {unknown}
 A - a scroll of enchant weapon {unknown}
 G - a scroll of magic mapping {unknown}
Potions
 t - a potion of haste {unknown}
 z - a potion of lignification {unknown}
Books
 c - a book of Debilitation

   Spells                             Type                      Level
   a - Corona                         Hexes                        1
   b - Slow                           Hexes                        2
   c - Gell's Gravitas                Hexes/Translocation          3
   d - Inner Flame                    Hexes/Fire                   3
   e - Cause Fear                     Hexes                        4
   f - Leda's Liquefaction            Hexes/Earth                  4
 C - Kikubaaqudgha's Grimoire of Evil
   (Kikubaaqudgha gifted it to you on level 5 of the Dungeon)

   Spells                             Type                      Level
   a - Animate Skeleton               Necromancy                   1
   b - Corpse Rot                     Necromancy                   2
   c - Sublimation of Blood           Necromancy                   2
   d - Regeneration                   Charms/Necromancy            3
   e - Control Undead                 Necromancy                   4
Comestibles
 f - 4 bread rations
 v - 2 slices of pizza
 B - a meat ration


   Skills:
 - Level 3.3 Fighting
 - Level 1.7 Bows
 - Level 1.7 Dodging
 + Level 3.4 Spellcasting
 * Level 6.1 Hexes
 + Level 3.8 Necromancy


You had 10 spell levels left.
You knew the following spells:

 Your Spells              Type           Power        Failure   Level  Hunger
a - Corona                Hex            ####...      1%          1    None
b - Animate Skeleton      Necr           N/A          4%          1    None


Dungeon Overview and Level Annotations

Branches:
Dungeon (5/15)
 Temple: D:4-7

Altars:
Ashenzari
Cheibriados
Hepliaklqana
Kikubaaqudgha
Okawaru
Pakellas
Vehumet
Xom
Zin

Shops:
D:5 }:*

Annotations:
D:4 Chemotherapy's ghost, novice TeFE; Edmund


Innate Abilities, Weirdness & Mutations

You have sharp fingernails.
You have sharp toenails.
Your flesh is cold resistant. (rC+)


Message History

* * * LOW HITPOINT WARNING * * *
You feel sick.
The killer bee stings you but does no damage.
* * * LOW HITPOINT WARNING * * *
You feel sick. The killer bee barely misses you.
You slash the killer bee! You freeze the killer bee.
You kill the killer bee!
Kikubaaqudgha accepts your kill.
* * * LOW HITPOINT WARNING * * *
You feel sick. The gnoll hits you but does no damage.
You hit the gnoll. You freeze the gnoll. You claw the gnoll, but do no damage.
The gnoll is lightly wounded.
* * * LOW HITPOINT WARNING * * *
You feel sick. The gnoll barely misses you.
You barely miss the gnoll. You claw the gnoll, but do no damage.
The gnoll is lightly wounded.
* * * LOW HITPOINT WARNING * * *
You feel sick. The gnoll hits you with a morningstar!
You die...
Kikubaaqudgha rasps: "You have failed me!
Welcome... death!"

#.# #......#..#......# #.#
#......#..#......# #.#
#####..#..#..##### #.#
#...)..#..#......# #.#
#......#..#......# #.#
#..#####..#####..# #.#
#......#..#......#
########(###......#..#......#
...........#####@.#..#..#####
#####....#.# #g.#..#..#.).# #
#....#.# #..#..#..#)8.#
#####......#%.)'..#..#..'...#
......###..########..########
......# #...##.............#
......####..##.###########.#
.........................#.#
8.8.8.#####..#.#..######.#.#


You could see a gnoll.

Vanquished Creatures
  A sky beast (D:5)
  An ogre (D:5)
  A scorpion (D:5)
  A water moccasin skeleton (D:5)
  A killer bee (D:5)
  A crimson imp (D:5)
  A hound (D:5)
  An iguana (D:5)
  6 worker ants
  4 gnolls
  3 adders
  A shadow imp (D:5)
  An ooze (D:4)
  2 adder skeletons (D:5)
  3 worms
  7 dart slugs (D:4)
  5 orcs
  9 bats
  6 giant cockroaches
  4 goblins
  8 hobgoblins
  6 jackals
  4 kobolds
  3 quokkas
  4 giant newts
  A quokka skeleton (D:5)
  A quokka zombie (D:4)
  10 rats
96 creatures vanquished.

Notes
Turn   | Place    | Note
--------------------------------------------------------------
     0 | D:1      | Delvonshi the Demonspawn Arcane Marksman began the quest for the Orb.
     0 | D:1      | Reached XP level 1. HP: 15/15 MP: 2/2
   339 | D:1      | Gained mutation: You have sharp toenails. [demonic ancestry]
   339 | D:1      | Reached XP level 2. HP: 22/22 MP: 3/3
  1279 | D:2      | Found a snail-covered altar of Cheibriados.
  1323 | D:2      | Found a hazy altar of Hepliaklqana.
  1468 | D:2      | Gained mutation: You have sharp fingernails. [demonic ancestry]
  1468 | D:2      | Reached XP level 3. HP: 29/29 MP: 4/4
  1958 | D:2      | Found a shimmering altar of Xom.
  2579 | D:3      | Found an ancient bone altar of Kikubaaqudgha.
  2587 | D:3      | Became a worshipper of Kikubaaqudgha
  2938 | D:4      | Reached XP level 4. HP: 30/35 MP: 4/6
  2995 | D:4      | Noticed Edmund
  3443 | D:4      | Reached skill level 1 in Necromancy
  3827 | D:4      | Noticed Chemotherapy's ghost (novice TeFE)
  3831 | D:4      | Noticed an ogre
  3834 | D:5      | Entered Level 5 of the Dungeon
  3921 | D:5      | Gained mutation: Your flesh is cold resistant. (rC+) [demonic ancestry]
  3921 | D:5      | Reached XP level 5. HP: 41/41 MP: 7/7
  4102 | D:5      | Reached skill level 4 in Hexes
  4311 | D:5      | Found an oddly glowing altar of Pakellas.
  4311 | D:5      | Found Pakellas's Prime Provisions.
  4345 | D:5      | Found a glowing silver altar of Zin.
  4983 | D:4      | Found a shattered altar of Ashenzari.
  5030 | D:4      | Found an iron altar of Okawaru.
  5707 | D:5      | Found Duuxett's General Store.
  5720 | D:5      | Reached XP level 6. HP: 30/47 MP: 7/9
  5822 | D:5      | Bought a scroll of teleportation for 36 gold pieces
  5882 | D:5      | Found a radiant altar of Vehumet.
  5921 | D:5      | HP: 1/47 [worker ant (3)]
  6318 | D:5      | Noticed a sky beast
  6607 | D:5      | Reached skill level 5 in Hexes
  7146 | D:5      | HP: 2/47 [sky beast (5)]
  7147 | D:5      | Killed a sky beast
  7538 | D:5      | Reached * piety under Kikubaaqudgha
  7538 | D:5      | Received a gift from Kikubaaqudgha
  7541 | D:5      | Identified Kikubaaqudgha's Grimoire of Evil (Kikubaaqudgha gifted it to you on level 5 of the Dungeon)
  7690 | D:5      | Learned a level 1 spell: Animate Skeleton
  7712 | D:5      | Found Quomeske's Book Boutique.
  7805 | D:5      | Reached XP level 7. HP: 39/52 MP: 9/11
  8281 | D:5      | Got an encrusted battleaxe
  8282 | D:5      | Identified the +11 battleaxe "Izathroa" {freeze, +Fly rN+} (You found it on level 5 of the Dungeon)
  8296 | D:5      | Reached skill level 6 in Hexes
  8322 | D:5      | Mangled by a gnoll

Vault maps used:
D:1:      dpeg_arrival_boxes_within_box
D:2:      xom_butterflies, old_standard_altar, lemuel_crystal_altar
D:3:      kiku_gazebo_garden_becter
D:4:      kennysheep_slugbush, okawaru_trees_1, marbit_many_paths,
          lightli_sewer_entry_pipes, first_bread, grunt_ministairs_12,
          uniq_edmund
D:5:      kennysheep_windowed_halls, zin_statuary,
          nicolae_overflow_crystal_walls, kennysheep_mini_moat,
          johnstein_pakellas_shop, serial_shops,
          nicolae_shop_temple_entry_statues_fountains, shop, shop, shop

Skill      XL: |  1  2  3  4  5  6  7 |
---------------+----------------------+-----
Fighting       | 2 3 |  3.3
Necromancy     | 2 3 |  3.8
Spellcasting   | 2 3 |  3.4
Hexes          | 4 5 6 |  6.1
Bows           | |  1.7
Dodging        | |  1.7

Action                   |  1- 3 |  4- 6 |  7- 9 || total
-------------------------+-------+-------+-------++-------
Melee: Mace              |     9 |       |       ||     9
       Kick              |     3 |    35 |     8 ||    46
       Spear             |    19 |   179 |    31 ||   229
       Battleaxe         |       |       |    10 ||    10
 Fire: Shortbow          |   104 |    65 |       ||   169
 Cast: Corona            |    14 |    26 |     5 ||    45
  Use: Scroll            |     1 |       |       ||     1
       Potion            |       |     4 |       ||     4
 Stab: Sleeping          |     1 |       |       ||     1
       Distracted        |       |     1 |       ||     1
  Eat: Chunk             |     5 |     9 |     2 ||    16
       Beef jerky        |       |     2 |       ||     2
       Bread ration      |       |     1 |       ||     1
Armor: Robe              |    13 |       |       ||    13
       Leather armour    |     7 |    39 |    10 ||    56
Dodge: Dodged            |    50 |   118 |    32 ||   200
